 Dungeon Crawl Stone Soup version 0.29-a0-1027-gcd8c55af63 (webtiles) character file.

Game seed: 4389740913223843512

301 Mesmaeker13 the Trooper (level 6, 0/56 HPs)
             Began as a Minotaur Berserker on Aug 12, 2022.
             Was a Priest of Trog.
             Slain by a gnoll
             ... wielding a +0 halberd
             ... led by a gnoll bouda
              (13 damage)
             ... on level 4 of the Dungeon.
             The game lasted 00:04:03 (3297 turns).

Mesmaeker13 the Trooper (Minotaur Berserker)        Turns: 3297, Time: 00:04:03

Health: 0/56       AC:  9    Str: 21    XL:     6   Next: 14%
Magic:  5/5        EV: 10    Int:  6    God:    Trog [***...]
Gold:   138        SH:  0    Dex: 10    Spells: 5/5 levels left

rFire   + . .      SeeInvis .   f - +4 flail (holy)
rCold   . . .      Faith    .   (no shield)
rNeg    . . .      Spirit   .   t - +2 scale mail {rF+}
rPois   .          Reflect  .   (helmet restricted)
rElec   .          Harm     .   (no cloak)
rCorr   .          Rampage  .   (no gloves)
Will    .....                   (no boots)
Stlth   ..........              (no amulet)
HPRegen 0.18/turn               (no ring)
MPRegen 0.09/turn               (no ring)

@: weakened
A: horns 2, retaliatory headbutt
a: Renounce Religion, Berserk, Trog's Hand


You were on level 4 of the Dungeon.
You worshipped Trog.
Trog was most pleased with you.
You visited 1 branch of the dungeon, and saw 4 of its levels.

You collected 138 gold pieces.

Inventory:

Hand Weapons
 f - a +4 flail of holy wrath (weapon)
 x - a +1 hand axe of freezing
Missiles
 j - a throwing net (quivered)
 w - 4 poisoned darts
Armour
 r - a +0 plate armour
 t - a +2 scale mail of fire resistance (worn)
Jewellery
 c - a ring of ice
Scrolls
 b - a scroll of enchant weapon
 d - a scroll of blinking {unknown}
 e - 3 scrolls of teleportation
 g - a scroll of butterflies {unknown}
 h - a scroll of immolation {unknown}
 k - a scroll of noise {unknown}
 n - a scroll of poison {unknown}
 o - 3 scrolls of enchant armour {unknown}
 q - a scroll of torment {unknown}
 u - a scroll of silence {unknown}
Potions
 a - 2 potions of flight {unknown}
 i - a potion of heal wounds {unknown}
 l - a potion of resistance {unknown}
 m - 2 potions of lignification
 p - a potion of attraction {unknown}
 s - a potion of curing {unknown}
 v - a potion of might {unknown}


   Skills:
 + Level 5.4 Fighting
 - Level 4.7(5.0) Axes
 + Level 2.4(3.9) Maces & Flails
 + Level 4.7 Armour
 - Level 3.0 Dodging


You had 5 spell levels left.
You didn't know any spells.
Your spell library was empty.

Dungeon Overview and Level Annotations

Branches:
Dungeon (4/15)
 Temple: D:4-7

Altars:
Qazlal

Shops:
D:4 [


Innate Abilities, Weirdness & Mutations

You have a pair of horns on your head.
You reflexively headbutt those who attack you in melee.


Message History

You feel your attacks grow feeble.
The gnoll bouda hits you with a +0 club.
The gnoll closely misses you. The gnoll barely misses you.
You hit the gnoll bouda. Your headbutt misses the gnoll bouda.
The gnoll bouda is lightly wounded.
A gnoll comes into view. It is wielding a +0 halberd.
The gnoll hits you with a +0 halberd!
The gnoll bouda barks out a call to the hunt!
The gnolls pick up the pace!
The gnoll hits you but does no damage.
The gnoll shouts!
The gnoll closely misses you. The gnoll barely misses you.
You hit the gnoll bouda.
The gnoll bouda is moderately wounded.
The gnoll bouda hits you with a +0 club.
The gnoll barely misses you.
The gnoll hits you from afar with a +0 halberd!
You hit the gnoll bouda.
The gnoll bouda is moderately wounded.
The gnoll bouda hits you with a +0 club.
The gnoll hits you from afar with a +0 halberd. x2
* * * LOW HITPOINT WARNING * * *
Unknown command.
Your attacks no longer feel as feeble.
The gnoll bouda gazes fiercely through you!
You feel your attacks grow feeble.
Okay, then.
The gnoll bouda attacks as you move away!
The gnoll bouda hits you with a +0 club.
* * * LOW HITPOINT WARNING * * *
Throw: 2 throwing nets
Press: ? - help, Q - select action, (/) - cycle Shift-Dir - straight line, f - gnoll bouda
Aim: a gnoll bouda, wielding a +0 club and wearing a +0 leather armour (moderately wounded, 61% to hit)
You throw a throwing net. The throwing net hits the gnoll bouda.
The gnoll bouda is caught in the net!
The gnoll bouda is moderately wounded.
The gnoll bouda struggles against the net.
The gnoll hits you from afar with a +0 halberd!
You die...

#....# #....# #....#
#....# #.g..## ######
#g#)..# #.....
#g#.#.#.# #.....
#g#.#.#.# #..(..
#@#.#.#.# #.....
#####.#.#.#.## #.....
#.........#..####.....
##.#######............
#.#.....8.<.∩.>.8....
#.#.####.........#...
#.#.#..#.#.###.#.#.##
#.#.#..#.#.# #...#.#
#.#.#..#.#.# ###.#..


You could see a gnoll bouda (caught) and 3 gnolls.

Vanquished Creatures
  2 orc priests (D:3)
  Terence (D:2)
  5 gnolls
  7 adders
  2 worms (D:2)
  3 dart slugs
  10 orcs
  8 ball pythons
  2 endoplasms
  7 giant cockroaches
  8 goblins
  8 hobgoblins
  4 jackals (D:2)
  7 kobolds
  5 quokkas
  2 bats
  2 frilled lizards
  4 rats
87 creatures vanquished.

Notes
Turn   | Place    | Note
-------+----------+-------------------------------------------
     0 | D:1      | Mesmaeker13 the Minotaur Berserker began the quest for the
                  | Orb.
     0 | D:1      | Reached XP level 1. HP: 19/19 MP: 0/0
   183 | D:1      | Reached XP level 2. HP: 15/27 MP: 1/1
   439 | D:1      | Reached skill level 4 in Fighting
   521 | D:1      | Reached XP level 3. HP: 33/33 MP: 2/2
   677 | D:1      | Reached ** piety under Trog
   781 | D:1      | Found a faded altar of an unknown god.
   966 | D:2      | Noticed Terence
  1280 | D:2      | Reached XP level 4. HP: 40/40 MP: 3/3
  1698 | D:2      | Killed Terence
  1972 | D:2      | Reached XP level 5. HP: 47/47 MP: 4/4
  2221 | D:3      | Reached skill level 1 in Maces & Flails
  2348 | D:3      | Reached skill level 5 in Fighting
  2470 | D:3      | Found a stormy altar of Qazlal.
  2511 | D:3      | Reached *** piety under Trog
  2623 | D:3      | Reached XP level 6. HP: 37/56 MP: 5/5
  3166 | D:4      | Found Pevi's Armour Shoppe.
  3297 | D:4      | Slain by a gnoll

Illustrated notes

Levels and vault maps discovered:
D:1:      minmay_arrival_checkered_box, layout_rooms,
          ebering_ecumenical_altar_hall
D:2:      layout_basic, uniq_terence
D:3:      layout_loops_corners, mainiacjoe_overflow_cross_hatched
D:4:      layout_basic, nicolae_stop_n_shop_2, minmay_shop_damaged,
          serial_bayou_pond_c, kennysheep_orc_chapel

Skill      XL: |  1  2  3  4  5 |
---------------+----------------+-----
Fighting       | 4 5 |  5.4
Axes           | 4 |  4.7
Armour         | 3 4 |  4.7
Dodging        | 3 |  3.0
Maces & Flails | 2 |  2.4

Action                   |  1- 3 |  4- 6 || total
-------------------------+-------+-------++-------
Melee: Hand axe          |    61 |    50 ||   111
       Headbutt          |    10 |    12 ||    22
       Flail             |       |    67 ||    67
       Punch             |       |     2 ||     2
Throw: Dart              |       |     5 ||     5
       Throwing net      |       |     2 ||     2
Invok: Berserk           |       |     1 ||     1
  Use: Scroll            |       |     4 ||     4
Armor: Animal skin       |    15 |       ||    15
       Plate armour      |       |    19 ||    19
       Scale mail        |       |    37 ||    37
Dodge: Dodged            |    37 |    53 ||    90

Table legend: (Time is in decaauts)
 A = Elapsed time spent in this place.
 B = Non-inter-level travel time spent in this place.
 C = Inter-level travel time spent in this place.
 D = Time resting spent in this place.
 E = Time spent auto-exploring this place.
 F = Levels seen in this place.
 G = Mean time per level.
                   A        B        C        D        E       F      G
               +--------+--------+--------+--------+--------+-----+--------+
         Total |   3328 |   3244 |     84 |    440 |   2236 |   4 |  832.0 |
       Dungeon |   3328 |   3244 |     84 |    440 |   2236 |   4 |  832.0 |
               +--------+--------+--------+--------+--------+-----+--------+

Top non-repeatable levels by time:
     D:1: 1184 daAuts
     D:3: 1147 daAuts
     D:2: 823 daAuts
     D:4: 173 daAuts
